 Dungeon Crawl Stone Soup version 0.15.0-23-gc2b521c (console) character file.

4769 gw the Cudgeler (level 10, -2/77 HPs)
             Began as a Demonspawn Fighter on Sept 9, 2014.
             Was a Believer of Okawaru (penitent).
             Killed from afar by an orc wizard (15 damage)
             ... with a wand of lightning
             ... on Level 8 of the Dungeon.
             The game lasted 00:08:29 (10983 turns).

gw the Cudgeler (Demonspawn Fighter)               Turns: 10983, Time: 00:08:29

HP  -2/77        AC 24     Str 16      XL: 10   Next: 23%
MP  18/18        EV  3     Int 10      God: *Okawaru
Gold 0           SH 11     Dex 21      Spells:  0 memorised,  9 levels left

rFire  + . .     SeeInvis .     b - +1 flail
rCold  + . .     Clarity  +     w - +9 plate armour "Duic" {Dex+5}
rNeg   . . .     rCorr    .     c - +0 shield
rPois  .         rRot     +     (no helmet)
rElec  .         Spirit   .     (no cloak)
SustAb .         Warding  .     (no gloves)
rMut   .         Stasis   .     (no boots)
Gourm  .                        o - amulet of clarity
MR     .....                    n - ring of protection from fire
                                x - ring of protection from cold

@: not resistant to hostile enchantments, extremely unstealthy
A: talons 1, yellow scales 2, demonic guardian 1, rot immunity
a: Renounce Religion


You were on level 8 of the Dungeon.
You worshipped Okawaru.
Okawaru was demanding penance.
You were not hungry.

You visited 2 branches of the dungeon, and saw 9 of its levels.

Inventory:

Hand weapons
 b - a +1 flail (weapon)
Missiles
 l - 181 stones (quivered)
Armour
 c - a +0 shield (worn)
 w - the +9 plate armour "Duic" (worn) {Dex+5}
   (You found it on level 5 of the Dungeon)

   It affects your dexterity (+5).
Magical devices
 a - a wand of flame (9)
 f - a wand of draining (7) {unknown}
 h - a wand of confusion (15)
 i - a wand of disintegration (0)
 m - a wand of teleportation (0)
 t - a wand of frost (7)
 y - a wand of draining (3) {unknown}
Comestibles
 d - 11 bread rations
 g - 5 meat rations
 p - 2 beef jerkies
 r - a royal jelly
 s - 7 fruits
 z - a slice of pizza
Scrolls
 e - 6 scrolls of remove curse
 j - a scroll of teleportation
 q - 14 scrolls of identify
Jewellery
 n - a ring of protection from fire (right hand)
 o - an amulet of clarity (around neck)
 x - a ring of protection from cold (left hand)
Potions
 k - 3 potions of curing
 u - a potion of might
 v - 3 potions of haste


   Skills:
 + Level 6.6 Fighting
 * Level 7.8 Maces & Flails
 + Level 5.3 Throwing
 + Level 5.9 Armour
 + Level 6.1 Shields
 + Level 5.5 Invocations


You had 9 spell levels left.
You didn't know any spells.

Dungeon Overview and Level Annotations

Branches:
Dungeon (8/15)             Temple (1/1) D:5
   Lair: D:8-11

Altars:
Ashenzari
Cheibriados
Dithmenos
Elyvilon
Fedhas
Kikubaaqudgha
Makhleb
Nemelex Xobeh
Okawaru
Qazlal
Sif Muna
Trog
Vehumet
Xom
Yredelemnul
Zin
The Shining One

Shops:
D:5 ?

Annotations:
D:3 exclusion: downstairs


Innate Abilities, Weirdness & Mutations

You have sharp toenails.
You are mostly covered in yellow scales (AC +3).
A weak demonic guardian rushes to your aid.
You are immune to rotting.


Message History

The orc wizard hits you but does no damage.
The orc hits you but does no damage.
The orc priest hits you but does no damage.
ATTACK MOVE TO (-1,0)
You hit the orc but do no damage. You claw the orc, but do no damage.
The orc is moderately wounded.
The orc wizard points at you and mumbles some strange words.
The magic dart hits you! The orc barely misses you.
You block the orc wizard's attack.
The orc priest mumbles some strange prayers to Beogh against you.
Something smites you!
ATTACK MOVE TO (-1,0)
You barely miss the orc. You claw the orc.
The orc is heavily wounded.
The orc wizard casts a spell at you. The magic dart hits you!
You block the orc's attack.
The orc priest calls upon Beogh to heal the orc.
The orc's wounds heal themselves!
The orc wizard zaps a wand.
The bolt of lightning hits you!
You die...

#....##.#
#....##.########
#...............
#....##.########
##....##.#
#####.?..[##.#
.............#
##....).####
##o6...# #o#o.##
...#..# #####..#
#..# #..# #...
#.## #.#


You could see an orc priest, an orc wizard and an orc.

Table legend:
 A = Turns spent in this place as a percentage of turns spent in the entire game.
 B = Non-inter-level travel turns spent in this place as a percentage of non-inter-level travel turns spent in the entire game.
 C = Inter-level travel turns spent in this place as a percentage of turns spent in this place.
 D = Turns resting spent in this place as a percentage of non-inter-level travel turns spent in this place.
 E = Turns spent auto-exploring this place as a percentage of non-inter-level travel turns spent in this place.
 F = Non-inter-level travel turns spent in this place divided by the number of levels of this place that you've seen.
                   A       B       C       D       E      F
               +-------+-------+-------+-------+-------+----------------------
         Total | 100.0 | 100.0 |   1.1 |   4.8 |  11.0 | 376.2
       Dungeon |  98.4 |  98.4 |   1.0 |   4.9 |  10.7 | 416.6
        Temple |   1.6 |   1.6 |   1.9 |   0.0 |  26.4 |  53.0
               +-------+-------+-------+-------+-------+----------------------

Table legend:
 A = Kills in this place as a percentage of kills in entire the game.
 B = Kills by you in this place as a percentage of kills by you in the entire game.
 C = Kills by friends in this place as a percentage of kills by friends in the entire game.
 D = Other kills in this place as a percentage of other kills in the entire game.
 E = Experience gained in this place as a percentage of experience gained in the entire game.
 F = Experience gained in this place divided by the number of levels of this place that you have seen.
                   A       B       C       D       E      F
               +-------+-------+-------+-------+-------+----------------------
         Total | 100.0 | 100.0 | 100.0 |  -nan | 100.0 | 757.1
       Dungeon | 100.0 | 100.0 | 100.0 |  -nan | 100.0 | 851.8
               +-------+-------+-------+-------+-------+----------------------

Vanquished Creatures
  Grinder (D:5)
  A spriggan (D:7)
  A hill giant zombie (D:8)
  2 hippogriffs (D:7)
  A black bear (D:6)
  2 phantoms
  4 orc warriors
  3 ice beasts
  11 ogres
  2 sky beasts
  A big kobold (D:6)
  2 giant frogs
  3 centaurs
  A scorpion (D:6)
  A hippogriff zombie (D:8)
  2 goliath beetles
  5 crimson imps
  8 hounds
  3 gnoll shamans (D:6)
  A jelly (D:5)
  6 orc priests
  4 worker ants
  Natasha (twice) (D:5)
  3 iguanas
  11 orc wizards
  A sky beast zombie (D:8)
  An ogre skeleton (D:8)
  A worker ant zombie (D:5)
  8 adders
  An orc zombie (D:8)
  5 gnolls (D:6)
  A shadow imp (D:6)
  2 giant mites (D:6)
  A worm (D:3)
  A gnoll skeleton (D:7)
  5 giant geckos
  An ooze (D:5)
  25 orcs
  7 bats
  6 giant cockroaches
  23 hobgoblins
  3 jackals (D:4)
  7 quokkas
  A giant cockroach zombie (D:6)
  5 giant newts
  A giant spore (D:7)
  12 goblins
  3 hobgoblin skeletons (D:4)
  12 kobolds
  2 quokka skeletons
  21 rats
  2 ballistomycetes (D:6)
239 creatures vanquished.

Vanquished Creatures (collateral kills)
  2 black bears (D:7)
  A centaur (D:6)
  A hound (D:6)
  Natasha (D:5)
  A bat (D:5)
  A goblin (D:7)
  A hobgoblin (D:6)
  2 kobolds (D:6)
  A giant gecko (D:4)
  A ballistomycete (D:7)
12 creatures vanquished.

Vanquished Creatures (others)
  14 crimson imps
  8 iron imps
  3 quasits
  6 white imps
  4 ufetubi
  2 jackals (D:6)
  A giant spore (D:6)
  2 plants (D:7)
40 creatures vanquished.

Grand Total: 291 creatures vanquished

Notes
Turn   | Place    | Note
--------------------------------------------------------------
     0 | D:1      | gw, the Demonspawn Fighter, began the quest for the Orb.
     0 | D:1      | Reached XP level 1. HP: 18/18 MP: 1/1
   268 | D:1      | Gained mutation: You are immune to rotting. [demonic ancestry]
   268 | D:1      | Reached XP level 2. HP: 24/24 MP: 2/2
   703 | D:2      | Reached skill level 1 in Throwing
   710 | D:2      | Reached XP level 3. HP: 29/29 MP: 3/3
  1226 | D:2      | Found a sparkling altar of Nemelex Xobeh.
  1418 | D:2      | Found a snail-covered altar of Cheibriados.
  2371 | D:3      | Reached XP level 4. HP: 28/36 MP: 4/4
  3062 | D:3      | Found a glowing silver altar of Zin.
  3063 | D:3      | Noticed an angel
  3549 | D:4      | Gained mutation: A weak demonic guardian rushes to your aid. [demonic ancestry]
  3549 | D:4      | Reached XP level 5. HP: 26/42 MP: 5/5
  4037 | D:4      | Noticed an ogre
  4098 | D:4      | Killed an ogre
  4098 | D:4      | Reached skill level 4 in Fighting
  4098 | D:4      | Gained mutation: You are partially covered in yellow scales (AC +2). [demonic ancestry]
  4098 | D:4      | Reached XP level 6. HP: 48/48 MP: 6/6
  4226 | D:4      | Noticed an ogre
  4229 | D:4      | Killed an ogre
  4233 | D:4      | Noticed a phantom
  4288 | D:4      | Killed a phantom
  4455 | D:4      | Noticed an ice beast
  4470 | D:4      | Killed an ice beast
  4470 | D:4      | Reached XP level 7. HP: 28/55 MP: 7/7
  4666 | D:5      | Entered Level 5 of the Dungeon
  4808 | D:5      | Found a radiant altar of Vehumet.
  4857 | D:5      | Found Weamad's Magic Scroll Shop.
  4925 | D:5      | Noticed Natasha
  4929 | D:5      | Killed Natasha
  4934 | D:5      | Noticed Grinder
  4951 | D:5      | Killed Grinder
  4951 | D:5      | Reached skill level 5 in Maces & Flails
  5152 | D:5      | Gained mutation: You have sharp toenails. [demonic ancestry]
  5152 | D:5      | Reached XP level 8. HP: 61/61 MP: 8/8
  5162 | D:5      | Noticed Natasha
  5173 | D:5      | Killed Natasha
  5255 | D:5      | Noticed Natasha
  5261 | D:5      | Killed Natasha
  5326 | D:5      | Found a sparkling altar of Nemelex Xobeh.
  5695 | D:5      | Got a steaming plate armour
  5706 | D:5      | Identified the +9 plate armour "Duic" {Dex+5} (You found it on level 5 of the Dungeon)
  5767 | D:5      | Reached skill level 5 in Fighting
  6305 | D:5      | Found a staircase to the Ecumenical Temple.
  6311 | Temple   | Entered the Ecumenical Temple
  6326 | Temple   | Became a worshipper of Warmaster Okawaru
  7201 | D:6      | Reached skill level 1 in Invocations
  7285 | D:6      | Reached skill level 6 in Maces & Flails
  7312 | D:6      | Reached skill level 5 in Shields
  7453 | D:6      | Gained mutation: You are mostly covered in yellow scales (AC +3). [demonic ancestry]
  7453 | D:6      | Reached XP level 9. HP: 37/68 MP: 12/12
  7637 | D:6      | Acquired Okawaru's first power
  7760 | D:6      | Reached skill level 5 in Armour
  8572 | D:6      | Reached skill level 7 in Maces & Flails
  9046 | D:7      | Found a bloodstained altar of Trog.
  9056 | D:7      | Found an ancient bone altar of Kikubaaqudgha.
  9161 | D:7      | Reached skill level 5 in Throwing
  9337 | D:7      | Found a burning altar of Makhleb.
  9337 | D:7      | Found a shimmering altar of Xom.
  9570 | D:7      | Found a white marble altar of Elyvilon.
  9658 | D:7      | Found a shattered altar of Ashenzari.
  9804 | D:7      | Reached skill level 5 in Invocations
  9860 | D:7      | Was placed under penance by Okawaru
  9923 | D:7      | Reached XP level 10. HP: 59/77 MP: 18/18
 10942 | D:8      | Found a stormy altar of Qazlal.
 10983 | D:8      | Killed from afar by an orc wizard

Action                   |  1- 3 |  4- 6 |  7- 9 | 10-12 || total
-------------------------+-------+-------+-------+-------++-------
Melee: Flail             |   110 |   180 |   455 |   120 ||   865
Throw: Stone             |    24 |    19 |   151 |    38 ||   232
       Javelin           |    26 |    37 |    18 |       ||    81
       Tomahawk          |       |    27 |    83 |     7 ||   117
Invok: Heroism           |       |       |     2 |       ||     2
Evoke: Wand              |       |     6 |     6 |       ||    12
  Use: Potion            |     4 |     2 |     5 |     1 ||    12
       Scroll            |     4 |     1 |     5 |       ||    10
 Stab: Distracted        |       |       |     3 |       ||     3
       Invisible         |       |       |       |     1 ||     1
  Eat: Chunk             |     5 |     7 |    17 |     5 ||    34

Vault maps used:
D:1:      saegor_arrival_simple_a, st_stairs_3, bh_walls_and_bars
D:2:      cheibriados_altar_1, nemelex_lonely_heart_becter
D:3:      zin_angel, first_bread
D:4:      minmay_surrounded
D:5:      lemuel_round_altar, kennysheep_mini_moat, minmay_temple_entry_fiery,
          serial_shops, nicolae_shop_waterfront, kennysheep_generic_room_16,
          uniq_grinder, uniq_natasha
D:6:      kennysheep_housing_project, kennysheep_another_room
D:7:      grunt_temple_overflow_champion_of_chaos, lemuel_doored_altar,
          kiku_gazebo_garden_becter, cheibrodos_ashenzari_chains,
          trog_ov_bears_minmay, the_bakery
D:8:      lemuel_crystal_altar, grunt_ministairs_11, supply_closet_lemuel,
          uniq_duvessa
Temple:   circular_temple_6
